Map: Heavy Artillery LE

Players

Massa - Winner!

  • Race: Terran Terran
  • League: Platinum

qqq - Winner!

  • Race: Zerg Zerg

bugz

  • Race: Zerg Zerg

KROKO

  • Race: Zerg Zerg
  • League: Diamond

VOD

Have the link to the VOD?

Description

Time

  • Played on: April 11, 2021, 1:33 p.m.
  • Length: 11:55
Show
View Real Time Build Order
Export as new Build Order

Massa Terran - Winner!

Build Orders: 2 Factory 

Get SALT Encoding   

  12  0:00  SCV  
  13  0:12  SCV  
  14  0:20  Supply Depot  
  14  0:24  SCV  
  15  0:41  SCV  
  16  0:43  Barracks  
  16  0:47  Refinery  
  16  0:53  SCV  
  17  1:06  SCV  
  18  1:18  SCV  
  19  1:30  SCV, Barracks Tech Lab  
  20  1:42  Orbital Command  
  20  1:45  Command Center  
  20  1:55  Marine  
  21  2:02  Supply Depot  
  21  2:14  Factory  
  21  2:30  SCV  
  21  2:31  Refinery  
  22  2:39  Factory  
  21  3:07  Barracks Reactor  
  21  3:10  Hellion  
  21  3:11  Supply Depot  
  22  3:22  SCV  
  22  3:24  Orbital Command  
  23  3:28  Infernal Pre-Igniter  
  23  3:31  Hellion  
  25  3:34  SCV  
  25  3:38  Hellion  
  28  3:48  SCV  
  28  3:55  Supply Depot  
  29  3:59  Hellion  
  29  4:00  SCV  
  32  4:04  Hellion x2  
  36  4:12  SCV  
  36  4:13  SCV  
  36  4:14  Barracks Tech Lab  
  38  4:18  Engineering Bay  
  38  4:21  Hellion  
  40  4:24  SCV  
  40  4:25  SCV, Hellion x2  
  46  4:42  Hellion  
  48  4:47  Hellion  
  48  4:50  Hellion  
  52  5:03  Hellion  
  54  5:08  Hellion  
  54  5:11  Armory  
  56  5:15  Missile Turret  
  56  5:21  Barracks  
  54  5:24  Barracks  
  54  5:25  SCV x2  
  54  5:26  Stimpack  
  56  5:37  SCV  
  56  5:38  SCV  
  56  5:40  Widow Mine x2  
  62  6:00  Terran Infantry Weapons Level 1  
  62  6:01  Supply Depot x2  
  62  6:02  Supply Depot  
  62  6:13  Widow Mine  
  62  6:14  SCV  
  62  6:15  Siege Tank  
  62  6:16  Barracks  
  56  6:23  Marauder  
  44  6:26  Barracks Reactor x2  
  44  6:27  SCV x2  
  44  6:31  Barracks  
  46  6:36  Terran Vehicle And Ship Armor Level 1  
  46  6:37  Missile Turret  
  46  6:39  SCV x2  
  48  6:40  Engineering Bay  
  48  6:43  Supply Depot  
  48  6:45  Marauder, Supply Depot  
  52  6:47  Widow Mine x2  
  52  6:48  Supply Depot  
  52  6:51  SCV x2  
  56  7:00  Widow Mine  
  58  7:03  SCV, Marine  
  58  7:04  Marine x3  
  58  7:06  Marauder  
  68  7:08  Widow Mine  
  68  7:10  Barracks Tech Lab  
  67  7:21  Marine  
  67  7:22  Marine x2  
  70  7:24  Marine x2  
  70  7:27  Marauder  
  74  7:39  Marine x3  
  74  7:42  Marine x2  
  79  7:49  Marauder  
  81  7:52  Marauder  
  81  7:57  Marine x2, Combat Shield  
  85  7:58  Concussive Shells  
  85  7:59  Marine  
  86  8:10  Marauder  
  68  8:26  Marine  
  63  8:27  Marine x5  
  63  8:31  Marine  
  70  8:44  Marine  
  70  8:45  Marine x2  
  70  8:48  Marauder, Marine  
  75  8:49  Marauder, Marine  
  75  8:55  Refinery x2  
  79  8:58  Command Center  
  79  9:02  Marine  
  80  9:03  Marine x2  
  80  9:06  Marine x2  
  80  9:09  Marauder  
  86  9:10  Marine  
  86  9:13  Widow Mine  
  86  9:14  Widow Mine x2  
  91  9:25  Drilling Claws  
  91  9:27  Marine x5  
  91  9:29  SCV x2, Marauder  
  91  9:31  Marauder  
  102  9:34  Widow Mine  
  102  9:35  Widow Mine x2  
  108  9:41  SCV x2  
  108  9:45  Marine x2  
  110  9:46  Marine x2  
  110  9:51  Command Center  
  105  9:53  SCV  
  105  9:56  Widow Mine x2  
  105  9:59  Widow Mine  
  96  10:17  Widow Mine  
  96  10:18  Widow Mine  
  96  10:21  Widow Mine  
  84  10:30  Marauder x2, Marine x3  
  84  10:31  Marine x2  
  81  10:48  Marine x4  
  81  10:49  Marine  
  83  10:50  Widow Mine x3  
  83  10:52  Marauder x2  
  93  11:06  Marine  
  93  11:09  Marine x3  
  93  11:10  Marine  
  98  11:12  Widow Mine, Marine  
  98  11:13  Marine  
  98  11:14  Planetary Fortress  
  98  11:16  SCV  
  98  11:17  SCV  
  104  11:19  SCV  
  104  11:24  Marine  
  106  11:27  Marine x3  
  106  11:28  SCV  
  106  11:29  SCV  
  106  11:32  SCV  
  112  11:40  SCV  
  112  11:41  SCV  
  112  11:46  Refinery  
  115  11:48  Refinery  
Show
View Real Time Build Order
Export as new Build Order

qqq Zerg - Winner!

Build Orders: Hatch First, Lurkers 

Get SALT Encoding   

  12  0:01  Drone  
  13  0:09  Drone  
  14  0:17  Overlord  
  14  0:48  Hatchery  
  13  0:52  Drone x2  
  13  0:57  Drone  
  16  1:08  Drone  
  17  1:21  Extractor, Spawning Pool  
  15  1:28  Drone x2  
  17  1:40  Drone  
  18  1:49  Drone  
  19  1:59  Drone  
  21  2:01  Drone  
  21  2:08  Queen x2  
  21  2:12  Drone  
  26  2:18  Overlord  
  26  2:21  Drone  
  26  2:22  Drone  
  28  2:37  Extractor  
  27  2:48  Lair  
  27  2:52  Hatchery  
  27  2:53  Overlord  
  26  3:04  Zergling x2  
  26  3:05  Drone x2  
  29  3:07  Zergling x2  
  30  3:21  Drone x2  
  30  3:22  Drone, Overlord  
  30  3:23  Drone  
  30  3:24  Zergling x2  
  35  3:34  Roach Warren  
  34  3:43  Zergling x2  
  34  3:44  Zergling x6  
  36  4:03  Drone x2, Zergling x4  
  36  4:04  Drone, Zergling x4  
  43  4:11  Hydralisk Den  
  43  4:14  Queen  
  44  4:19  Glial Reconstitution  
  44  4:24  Metabolic Boost  
  44  4:27  Drone  
  44  4:29  Drone  
  46  4:33  Drone  
  46  4:38  Drone x2  
  48  4:39  Drone  
  48  4:41  Drone  
  51  4:53  Lurker Den  
  51  4:58  Overlord x3  
  50  5:01  Overlord  
  50  5:09  Overlord x2  
  50  5:17  Evolution Chamber  
  50  5:18  Extractor  
  50  5:19  Extractor, Drone, Evolution Chamber  
  47  5:25  Drone x2  
  47  5:27  Hydralisk  
  51  5:31  Hydralisk  
  53  5:36  Hydralisk  
  53  5:39  Hydralisk  
  57  5:43  Drone  
  57  5:46  Zerg Missile Weapons Level 1  
  58  5:53  Hydralisk  
  58  5:56  Lurker  
  61  6:06  Lurker  
  62  6:12  Hydralisk  
  62  6:13  Drone x4  
  62  6:14  Drone, Overlord  
  62  6:16  Extractor  
  68  6:30  Lurker x2  
  68  6:32  Drone x3  
  73  6:33  Overlord  
  73  6:34  Roach  
  73  6:35  Roach  
  73  6:38  Roach  
  79  6:43  Roach x2  
  83  6:50  Drone  
  83  6:51  Drone  
  83  6:53  Zerg Ground Armor Level 1  
  86  7:01  Lurker  
  83  7:19  Hydralisk x4  
  83  7:20  Drone  
  83  7:21  Drone x2, Zergling x8  
  90  7:37  Roach  
  90  7:38  Roach x6  
  98  7:48  Roach x3  
  98  7:49  Roach  
  95  8:00  Hydralisk, Infestation Pit  
  96  8:10  Lurker  
  96  8:11  Drone x4  
  96  8:12  Drone x2  
  103  8:17  Extractor  
  101  8:22  Zerg Missile Weapons Level 2  
  70  9:06  Roach x4  
  70  9:07  Hatchery, Roach x8  
  70  9:08  Roach x6  
  103  9:18  Drone  
  103  9:19  Hydralisk x2  
  103  9:22  Muscular Augments  
  108  9:26  Hive  
  108  9:33  Hydralisk x2  
  112  9:43  Lurker  
  104  9:59  Roach x3  
  106  10:00  Roach x6  
  106  10:06  Overlord  
  114  10:07  Drone x2  
  108  10:15  Roach x3  
  114  10:25  Roach x4  
  122  10:33  Grooved Spines  
  116  10:48  Roach  
  116  10:49  Roach x6  
  120  11:14  Roach x4  
  124  11:19  Overlord  
  124  11:20  Overlord x9  
Show
View Real Time Build Order
Export as new Build Order

bugz Zerg 

Build Orders: Hatch First 

Get SALT Encoding   

  12  0:01  Drone  
  13  0:12  Overlord  
  13  0:16  Drone  
  14  0:32  Drone x2  
  16  0:49  Hatchery  
  15  0:52  Drone  
  15  0:56  Drone  
  17  1:07  Extractor  
  16  1:12  Spawning Pool  
  16  1:15  Drone  
  16  1:18  Drone  
  16  1:21  Drone  
  18  1:29  Drone  
  19  1:38  Drone  
  20  1:50  Overlord  
  20  2:00  Drone, Queen  
  23  2:01  Queen  
  23  2:04  Drone  
  26  2:09  Metabolic Boost  
  26  2:12  Drone  
  27  2:15  Drone  
  27  2:21  Drone  
  29  2:29  Drone  
  30  2:34  Baneling Nest  
  30  2:35  Overlord  
  29  2:38  Drone  
  30  2:47  Queen  
  32  2:53  Drone x2  
  32  2:57  Drone x2  
  36  3:06  Drone  
  37  3:14  Zergling x4  
  37  3:15  Zergling x4  
  37  3:19  Zergling x4  
  43  3:20  Zergling x2  
  43  3:22  Overlord  
  44  3:31  Lair  
  44  3:34  Extractor x2  
  43  3:36  Roach Warren  
  41  3:44  Drone  
  41  3:46  Drone  
  43  3:56  Hatchery  
  39  4:03  Drone x4  
  39  4:09  Drone  
  45  4:10  Drone x4  
  45  4:13  Spore Crawler  
  45  4:15  Evolution Chamber, Spore Crawler  
  45  4:30  Drone x2  
  45  4:31  Drone x4  
  51  4:34  Glial Reconstitution  
  51  4:39  Overlord x2  
  48  4:52  Roach  
  50  4:57  Roach x2  
  50  4:58  Roach x3  
  50  4:59  Roach  
  62  5:08  Roach x3  
  62  5:10  Overlord  
  68  5:17  Zerg Missile Weapons Level 1  
  68  5:31  Extractor  
  68  5:33  Drone x2  
  68  5:34  Overlord  
  69  5:39  Evolution Chamber  
  68  5:54  Drone x2  
  68  5:55  Drone x2  
  68  5:56  Overlord x2  
  72  6:01  Drone x3  
  72  6:02  Hatchery  
  72  6:03  Hydralisk Den  
  73  6:17  Roach x2  
  73  6:18  Roach x5  
  85  6:37  Grooved Spines  
  85  6:42  Zergling x8  
  85  6:43  Centrifical Hooks, Infestation Pit  
  85  6:44  Extractor  
  85  6:46  Extractor  
  86  6:50  Ravager  
  86  6:54  Ravager x4  
  90  6:56  Zergling x2  
  90  6:57  Zergling x8  
  90  6:58  Overlord  
  96  7:12  Overseer  
  96  7:13  Overseer  
  96  7:15  Pneumatized Carapace  
  57  7:45  Roach x6  
  57  7:46  Roach x9  
  57  7:49  Muscular Augments  
  82  8:07  Hydralisk x4  
  78  8:24  Hydralisk x4  
  68  8:36  Hive  
  68  8:43  Zergling x2  
  68  8:44  Zergling x10  
  68  8:47  Overseer x2  
  74  9:04  Roach x7  
  74  9:08  Baneling x3  
  87  9:10  Baneling  
  87  9:15  Zergling x4  
  89  9:30  Lurker Den  
  70  9:59  Zergling x2  
  53  10:00  Zergling x24  
  63  10:16  Baneling  
  63  10:17  Baneling x7  
  60  10:33  Overseer x4  
  48  10:49  Hydralisk  
  46  10:50  Hydralisk x7  
  46  10:51  Hydralisk x3  
  68  11:04  Overlord x3  
  68  11:10  Zergling x4  
  68  11:11  Zergling x4  
Show
View Real Time Build Order
Export as new Build Order

KROKO Zerg 

Build Orders: Hatch First 

Get SALT Encoding   

  12  0:00  Drone  
  13  0:14  Overlord  
  13  0:19  Drone  
  14  0:32  Drone x2  
  16  0:52  Drone  
  16  0:53  Hatchery  
  16  0:55  Drone  
  17  1:11  Extractor  
  17  1:13  Spawning Pool  
  17  1:15  Drone  
  16  1:18  Drone  
  16  1:22  Drone  
  18  1:31  Drone  
  19  1:42  Overlord  
  19  1:53  Drone  
  20  1:59  Queen  
  22  2:02  Zergling x2  
  22  2:07  Queen  
  25  2:20  Metabolic Boost  
  25  2:26  Hatchery  
  24  2:30  Drone  
  24  2:34  Drone  
  26  2:40  Queen  
  28  2:49  Drone x3  
  31  3:16  Drone  
  31  3:17  Drone x5  
  31  3:18  Overlord  
  36  3:24  Overlord  
  36  3:33  Overlord  
  36  3:39  Baneling Nest  
  36  3:40  Drone  
  36  3:43  Drone x4  
  36  3:47  Queen  
  42  3:52  Overlord  
  42  3:53  Drone x3  
  45  4:02  Queen  
  47  4:17  Queen  
  47  4:21  Drone  
  47  4:23  Queen  
  52  4:27  Drone x3  
  52  4:28  Drone  
  52  4:30  Drone x2  
  58  4:36  Drone x4  
  58  4:38  Queen  
  64  4:52  Queen  
  66  5:00  Drone x5  
  66  5:01  Drone x3  
  66  5:03  Extractor  
  66  5:05  Extractor  
  72  5:15  Overlord x2  
  72  5:26  Drone  
  72  5:28  Lair  
  73  5:29  Extractor  
  73  5:32  Extractor, Drone x2  
  73  5:33  Drone  
  73  5:34  Extractor  
  73  5:40  Queen  
  75  5:46  Drone x3  
  75  5:47  Spore Crawler  
  75  5:48  Overlord x3  
  77  5:55  Overlord  
  77  5:56  Drone x2  
  79  6:01  Drone  
  80  6:07  Hatchery  
  78  6:35  Infestation Pit  
  78  6:37  Hydralisk Den  
  78  6:39  Drone x2  
  78  6:42  Overlord x5  
  78  6:44  Drone x4, Hatchery  
  81  6:50  Drone x2, Spore Crawler  
  82  6:54  Hatchery  
  82  6:56  Evolution Chamber  
  82  6:57  Spore Crawler, Evolution Chamber  
  82  6:59  Spore Crawler  
  77  7:02  Drone x3, Spore Crawler  
  77  7:03  Drone  
  77  7:04  Spore Crawler  
  79  7:12  Overseer x3  
  79  7:13  Overseer x4  
  79  7:17  Hydralisk x6  
  79  7:18  Hydralisk x2  
  95  7:49  Hydralisk  
  95  7:50  Hydralisk x8  
  95  7:51  Hydralisk x6  
  107  8:00  Zergling x6  
  95  8:32  Zergling x2  
  95  8:33  Zergling x16  
  95  8:34  Zergling x12  
  103  8:52  Hydralisk x6  
  103  8:53  Hydralisk x3  
  108  9:06  Hydralisk x4  
  108  9:07  Hydralisk x7  
  127  9:13  Overlord x3  
  123  9:22  Overlord x2  
  123  9:29  Zerg Missile Weapons Level 1, Zerg Ground Armor Level 1  
  123  9:35  Hydralisk  
  123  9:36  Hydralisk x7  
  127  10:01  Zergling x18  
  127  10:02  Zergling x8  
  127  10:03  Zergling x16  
  98  10:18  Hydralisk x2  
  98  10:19  Hydralisk x5  
  90  10:31  Zergling x16  
  90  10:32  Zergling x2  
  90  10:41  Hydralisk x2  
  90  10:42  Hydralisk x2  
  94  10:51  Hydralisk x3  
  94  10:52  Hydralisk  
  89  11:02  Hydralisk x2  
  89  11:03  Hydralisk x2  
  77  11:19  Hydralisk x6  
  87  11:27  Zergling x4  
  87  11:28  Zergling x6  
Tags
 
Add a new tag
Caveats
  • Supply blocks, unpowered buildings, or Contaminate may cause inaccurate times.
  • Supply counts are checked every 10 seconds.